 Dungeon Crawl Stone Soup version 0.31-a0-803-g95b03c3367 (webtiles) character file.

Game seed: 3622679371288702385

84 Shayle the Trooper (level 4, 0/44 HPs)
             Began as an Ogre Hexslinger on Sept 20, 2023.
             Slain by an orc priest
             ... wielding a +0 flail
              (1 damage)
             ... on level 3 of the Dungeon.
             The game lasted 00:05:10 (2369 turns).

Shayle the Trooper (Ogre Hexslinger)                Turns: 2369, Time: 00:05:11

Health: 0/44       AC:  3    Str:  9 (12) XL:     4   Next: 46%
Magic:  7/7        EV: 10    Int: 13 (16) God:
Gold:   163        SH:  0    Dex: 11      Spells: 7/7 levels left

rFire   . . .        a - +1 sling
rCold   . . .        (no shield)
rNeg    . . .        c - +0 robe
rPois   .            (helmet restricted)
rElec   .            (no cloak)
rCorr   .            (gloves unavailable)
SInv    .            (boots unavailable)
Will    .....        n - amulet of magic regeneration
Stlth   +            (no ring)
HPRegen 0.27/turn    (no ring)
MPRegen 0.50/turn

%: no passive effects
@: no status effects
A: large, unfitting armour, tough skin 1
a: no special abilities


You were on level 3 of the Dungeon.
You visited 1 branch of the dungeon, and saw 3 of its levels.

You collected 163 gold pieces.

Inventory:

Hand Weapons
 a - a +1 sling (weapon)
 g - a +4 dagger
Armour
 c - a +0 robe (worn)
Jewellery
 d - a ring of fire
 n - an amulet of magic regeneration (around neck)
Wands
 o - a wand of flame (14)
Scrolls
 b - 2 scrolls of poison
 h - 2 scrolls of teleportation
 j - 2 scrolls of identify
Potions
 e - a potion of ambrosia {unknown}
 m - a potion of attraction


   Skills:
 + Level 2.9 Fighting
 - Level 1.3 Ranged Weapons
 + Level 1.4 Armour
 - Level 1.7 Dodging
 + Level 2.4 Spellcasting
 - Level 2.6 Hexes
 + Level 1.9 Fire Magic


You had 7 spell levels left.
You didn't know any spells.
Your spell library contained the following spells:

 Spells                   Type           Power      Damage    Failure   Level
 Jinxbite                 Hex            16%        N/A       12%         2
 Sigil of Binding         Hex            8%         N/A       24%         3
 Inner Flame              Hex/Fire       7%         N/A       28%         3
 Cause Fear               Hex            4%         N/A       63%         4
 Dimensional Bullseye     Hex/Tloc       2%         N/A       80%         4


Dungeon Overview and Level Annotations

Branches:
Dungeon (3/15)

Altars:
Xom

Shops:
D:1 (


Innate Abilities, Weirdness & Mutations

You are too large for most types of armour.
You have tough skin. (AC +1)


Message History

Pain shoots through your body!
You shoot a sling bullet.
The sling bullet barely misses the orc priest.
The orc priest hits you with a +0 flail.
You shoot a sling bullet.
The sling bullet barely misses the orc priest.
The orc priest hits you with a +0 flail.
You shoot a sling bullet.
The sling bullet closely misses the orc priest.
The orc priest closely misses you.
The orc priest hits you with a +0 flail!
You are too injured to fight recklessly!
You are too injured to fight recklessly!
You are too injured to fight recklessly!
You shoot a sling bullet.
The sling bullet closely misses the orc priest.
The orc priest invokes the aid of Beogh against you.
Pain shoots through your body!
* * * LOW HITPOINT WARNING * * *
You shoot a sling bullet.
The sling bullet barely misses the orc priest.
The orc priest hits you but does no damage.
You shoot a sling bullet.
The sling bullet hits the orc priest but does no damage.
The orc priest is almost dead.
The orc priest barely misses you.
You shoot a sling bullet.
The sling bullet barely misses the orc priest.
The orc priest calls down the wrath of Beogh upon you.
You barely resist. The orc priest closely misses you.
You shoot a sling bullet.
The sling bullet hits the orc priest but does no damage.
The orc priest is almost dead.
The orc priest calls down the wrath of Beogh upon you.
Beogh smites you!
* * * LOW HITPOINT WARNING * * *
You shoot a sling bullet. The sling bullet hits the orc priest.
The orc priest is almost dead.
The orc priest hits you with a +0 flail.
You die...

...###.# #..
.....#.# #.#
#...... #.#
#...... ..#
#.###.# #.#
#...... #.#
#.###.# #o##
##.....#
#@.########).#.###
#........).....#
####..........##
############


You could see an orc priest.

Vanquished Creatures
  2 adders (D:2)
  A worm (D:3)
  3 orcs (D:3)
  6 bats
  7 endoplasms
  3 giant cockroaches
  6 goblins
  8 hobgoblins
  A jackal (D:3)
  5 kobolds
  A quokka (D:1)
  3 ball pythons
  4 frilled lizards
  3 rats
53 creatures vanquished.

Notes
Turn   | Place    | Note
-------+----------+-------------------------------------------
     0 | D:1      | Shayle the Ogre Hexslinger began the quest for the Orb.
     0 | D:1      | Reached XP level 1. HP: 19/19 MP: 2/2
    23 | D:1      | Reached skill level 1 in Fire Magic
   101 | D:1      | Reached XP level 2. HP: 24/28 MP: 2/4
   408 | D:1      | Found Ampekhla's Weapon Emporium.
   449 | D:1      | Reached XP level 3. HP: 35/35 MP: 5/5
   481 | D:1      | Found a faded altar of an unknown god.
   820 | D:1      | Reached skill level 1 in Armour
  1659 | D:2      | Reached XP level 4. HP: 40/44 MP: 7/7
  2027 | D:3      | Found a shimmering altar of Xom.
  2368 | D:3      | HP: 1/44 [orc priest/divine providence (11)]
  2369 | D:3      | Slain by an orc priest

Illustrated notes

Levels and vault maps discovered:
D:1:      nzn_arrival_settlement, layout_loops_ring, basic_ecumenical_altar,
          serial_shops, nicolae_shop_tiny_statue_garden,
          nicolae_figureground_pulse
D:2:      layout_basic
D:3:      layout_loops_ring, mainiacjoe_overflow_boulevard,
          jmf_multi_god_temple2, serial_rivers, chequers_serial_rivers_marsh,
          chequers_serial_rivers_micro_c, chequers_serial_rivers_large_a,
          chequers_serial_rivers_small_b, chequers_serial_rivers_large_b

Skill      XL: |  1  2  3 |
---------------+----------+-----
Fire Magic     | 1 |  1.9
Fighting       | 2 |  2.9
Armour         | 1 |  1.4
Spellcasting   | 2 |  2.4
Ranged Weapons | |  1.3
Dodging        | |  1.7
Hexes          | |  2.6

Action                     |  1- 3 |  4- 6 || total
---------------------------+-------+-------++-------
   Fire: Sling             |   144 |    85 ||   229
    Use: Scroll            |     6 |       ||     6
         Potion            |     3 |       ||     3
 Armour: Robe              |    73 |    42 ||   115
  Dodge: Dodged            |    73 |    32 ||   105

Table legend: (Time is in decaauts)
 A = Elapsed time spent in this place.
 B = Non-inter-level travel time spent in this place.
 C = Inter-level travel time spent in this place.
 D = Time resting spent in this place.
 E = Time spent auto-exploring this place.
 F = Levels seen in this place.
 G = Mean time per level.
                   A        B        C        D        E       F      G
               +--------+--------+--------+--------+--------+-----+--------+
         Total |   2425 |   2351 |     74 |    442 |   1394 |   3 |  808.3 |
       Dungeon |   2425 |   2351 |     74 |    442 |   1394 |   3 |  808.3 |
               +--------+--------+--------+--------+--------+-----+--------+

Top non-repeatable levels by time:
     D:2: 1161 daAuts
     D:1: 847 daAuts
     D:3: 417 daAuts
